Map: [ESL] Glittering Ashes

Players

Cyan

  • Race: Protoss Protoss

uThermal - Winner!

  • Race: Terran Terran

Event: IEM Katowice 2022

VOD

Have the link to the VOD?

Description

Time

  • Played on: Feb. 23, 2022, 7:51 a.m.
  • Length: 7:47

All games in this series

Show
View Real Time Build Order
Export as new Build Order

Cyan Protoss 

Build Orders: 1 Gate Expand, Oracle Opening, Phoenix Opening, Colossus Rush 

Get SALT Encoding   

  12  0:00  Probe  
  13  0:12  Probe  
  14  0:17  Pylon  
  14  0:24  Probe (Chrono Boost)  
  15  0:36  Probe (Chrono Boost)  
  15  0:37  Gateway  
  16  0:45  Probe (Chrono Boost)  
  16  0:46  Assimilator  
  17  0:51  Probe  
  18  1:03  Probe  
  19  1:15  Probe  
  20  1:23  Nexus  
  20  1:33  Cybernetics Core  
  20  1:35  Probe  
  21  1:40  Assimilator  
  21  1:47  Probe  
  21  1:50  Pylon  
  22  1:59  Probe  
  23  2:06  Adept (Chrono Boost)  
  22  2:11  Probe  
  25  2:21  Stargate  
  25  2:23  Probe  
  25  2:27  Adept (Chrono Boost)  
  28  2:35  Probe (Chrono Boost)  
  30  2:40  Shield Battery  
  30  2:41  Probe (Chrono Boost)  
  31  2:44  Warp Gate  
  31  2:45  Probe (Chrono Boost)  
  31  2:49  Probe (Chrono Boost), Adept  
  31  2:51  Probe  
  35  2:59  Probe  
  35  3:04  Probe  
  37  3:06  Oracle (Chrono Boost)  
  40  3:13  Probe  
  40  3:16  Shield Battery  
  41  3:20  Probe  
  41  3:25  Probe  
  41  3:32  Probe  
  42  3:37  Probe  
  42  3:39  Phoenix (Chrono Boost)  
  45  3:41  Pylon  
  45  3:44  Probe  
  45  3:51  Pylon, Probe (Chrono Boost)  
  45  3:54  Robotics Facility  
  46  4:00  Probe (Chrono Boost)  
  48  4:03  Assimilator  
  48  4:07  Assimilator, Probe (Chrono Boost)  
  48  4:08  Probe (Chrono Boost), Phoenix  
  51  4:16  Probe  
  49  4:18  Probe  
  49  4:22  Gateway  
  50  4:24  Gateway  
  50  4:28  Probe  
  50  4:31  Probe  
  52  4:34  Sentry  
  52  4:36  Phoenix  
  56  4:40  Pylon, Probe  
  56  4:42  Observer  
  58  4:45  Probe  
  58  4:52  Probe  
  60  4:55  Robotics Bay  
  60  4:58  Probe  
  61  5:17  Phoenix  
  61  5:18  Probe  
  61  5:21  Immortal  
  68  5:25  Probe  
  69  5:29  Nexus  
  69  5:33  Pylon  
  69  5:42  Pylon  
  69  5:51  Phoenix  
  69  5:56  Colossus (Chrono Boost)  
  71  5:57  Probe  
  71  5:58  Stalker x2  
  71  6:02  Stalker  
  74  6:20  Pylon  
  74  6:22  Pylon  
  74  6:23  Stalker x2  
  73  6:32  Stalker  
  67  6:39  Shield Battery  
  65  6:40  Gateway  
  65  6:43  Gateway  
  65  6:46  Zealot  
  65  6:47  Zealot  
  71  6:51  Shield Battery  
  68  7:01  Stalker  
  67  7:09  Stalker x2  
  53  7:30  Stalker  
  53  7:35  Stalker x2  
  49  7:39  Stalker  
Show
View Real Time Build Order
Export as new Build Order

uThermal Terran - Winner!

Build Orders:  

Get SALT Encoding   

  12  0:00  SCV  
  13  0:12  SCV  
  14  0:17  Supply Depot  
  14  0:24  SCV  
  15  0:38  SCV  
  15  0:40  Barracks  
  16  0:44  Refinery  
  16  0:50  SCV  
  16  0:52  Refinery  
  17  1:02  SCV  
  18  1:15  SCV  
  19  1:27  Reaper, Orbital Command  
  19  1:28  Supply Depot  
  20  1:40  Factory  
  20  1:53  SCV  
  21  1:59  Reaper  
  22  2:05  SCV  
  23  2:17  SCV  
  23  2:20  Command Center  
  24  2:26  Hellion  
  24  2:29  SCV  
  27  2:31  Barracks Reactor  
  27  2:41  SCV  
  27  2:42  Starport  
  28  2:50  Supply Depot  
  28  2:52  Widow Mine  
  28  2:56  SCV  
  31  3:11  SCV, Marine x2  
  34  3:14  Widow Mine  
  36  3:21  Medivac  
  36  3:26  SCV  
  36  3:30  Armory  
  36  3:31  Marine x2  
  38  3:36  Widow Mine  
  40  3:42  Orbital Command  
  39  3:48  SCV  
  39  3:50  Marine x2  
  41  3:58  Widow Mine  
  41  3:59  Starport Tech Lab  
  41  4:01  SCV  
  44  4:08  Marine x2  
  46  4:10  SCV  
  46  4:13  SCV  
  48  4:22  Supply Depot  
  48  4:25  SCV  
  49  4:31  Marine x2  
  49  4:34  Thor  
  49  4:37  SCV, Starport Tech Lab  
  49  4:38  SCV  
  59  4:42  Barracks  
  59  4:49  SCV  
  59  4:51  Barracks, Marine  
  61  4:53  Marine  
  61  4:58  Supply Depot  
  62  5:00  Raven  
  62  5:04  SCV  
  63  5:09  SCV, Marine  
  63  5:11  Marine  
  64  5:16  SCV  
  64  5:18  Refinery  
  61  5:21  SCV  
  62  5:28  Thor  
  62  5:33  SCV  
  62  5:35  Marine x2  
  71  5:45  SCV  
  71  5:49  SCV  
  71  5:51  Stimpack, Engineering Bay, Marine  
  71  5:53  Marine  
  71  5:57  SCV  
  71  5:58  Barracks Tech Lab  
  71  6:01  SCV  
  73  6:07  Marine  
  73  6:09  Marauder  
  73  6:10  SCV  
  75  6:16  SCV, Starport Reactor  
  72  6:21  Marine  
  72  6:22  Marauder  
  72  6:23  SCV  
  72  6:24  Refinery  
  76  6:28  SCV  
  76  6:32  Siege Tank  
  74  6:33  Marine x2  
  75  6:40  Marine  
  75  6:43  Marauder  
  78  6:49  Supply Depot  
  78  7:01  SCV  
  78  7:09  SCV  
  78  7:10  Marine  
  78  7:11  Marauder x2, Siege Tank  
  86  7:24  SCV  
  86  7:27  Supply Depot  
  86  7:29  Marine x2  

Tags
 
Add a new tag
Caveats
  • Supply blocks, unpowered buildings, or Contaminate may cause inaccurate times.
  • Supply counts are checked every 10 seconds.